AoeStats
← CaptainPoups

Arabia

508168163Analyzed
1v1 RM · 10d ago on Sep 21, 2026· 35m 56s· 2 players
Game mode
Random Map
Map size
Tiny (2 player)
Population
200
Speed
Normal
Resources
Standard
Victory
Conquest
Starting age
Dark Age
Ending age
Imperial Age
RankedLock teamsTeams togetherTeam positionsShared explorationLock speedFull tech treeHidden civsTurbo modeCheats
Victory
Defeat
🇲🇽 Huns · Mexico
1474
+19
🇫🇷 Gurjaras · France
1538
-19
Mal Vecino
5:39 Loom
9:48 Feudal Age
10:41 Double-Bit Axe
16:54 Fletching
17:32 Padded Archer Armor
24:17 Scale Barding Armor
27:21 Castle Age
25:59 Bloodlines
26:50 Horse Collar
27:03 Gold Mining
28:14 Bodkin Arrow
28:37 Bow Saw
28:49 Leather Archer Armor
32:04 Chain Barding Armor
34:46 Thumb Ring
35:20 Forging
CaptainPoups
9:40 Feudal Age
10:19 Double-Bit Axe
16:48 Horse Collar
18:02 Bloodlines
18:36 Fletching
21:00 Padded Archer Armor
21:43 Loom
27:27 Castle Age
25:52 Gold Mining
27:23 Forging
27:52 Scale Barding Armor
27:59 Elite Skirmisher
28:45 Husbandry
29:27 Bow Saw
31:23 Heavy Plow
31:37 Bodkin Arrow
Connection lost

Rejoining the realm…

Still unreachable

The connection could not be restored.

Session expired

The server has moved on; the page needs a fresh start.